 Dungeon Crawl Stone Soup version 0.22.1-1-ga44c0e56f4 (webtiles) character file.

219 LLavrengius the Slasher (level 5, 0/43 HPs)
             Began as a Barachi Fighter on Oct 1, 2018.
             Slain by a bullfrog zombie (1 damage)
             ... on level 5 of the Dungeon.
             The game lasted 00:05:46 (2367 turns).

LLavrengius the Slasher (Barachi Fighter)           Turns: 2367, Time: 00:05:47

Health: 0/43       AC:  6    Str: 18    XL:     5   Next: 96%
Magic:  5/5        EV:  7    Int:  9    God:
Gold:   166        SH:  9    Dex: 11    Spells: 4/4 levels left

rFire    . . .     SeeInvis .   a - +0 long sword
rCold    . . .     Gourm    .   c - +0 shield
rNeg     . . .     Faith    .   b - +0 scale mail
rPois    .         Spirit   .   (no helmet)
rElec    .         Reflect  .   (no cloak)
rCorr    .         Harm     .   (no gloves)
MR       .....                  (no boots)
Stlth    ..........             (no amulet)
HPRegen  0.14/turn              (no ring)
MPRegen  0.09/turn              (no ring)

@: slow
A: +LOS, swims, slowness 1, strong legs 1
a: Hop


You were on level 5 of the Dungeon.
You were not hungry.

You visited 1 branch of the dungeon, and saw 5 of its levels.

You collected 166 gold pieces.

Inventory:

Hand Weapons
 a - a +0 long sword (weapon)
Armour
 b - a +0 scale mail (worn)
 c - a +0 shield (worn)
 l - a +0 cloak
Jewellery
 s - a +2 ring of slaying {unknown}
Wands
 q - a wand of iceblast (7)
 r - a wand of flame (31)
Scrolls
 e - a scroll of noise {unknown}
 h - 3 scrolls of remove curse {unknown}
 i - a scroll of identify {unknown}
 o - a scroll of enchant armour {unknown}
Potions
 d - a potion of might
 g - a potion of curing {unknown}
 j - a potion of ambrosia {unknown}
 k - a potion of lignification {unknown}
 m - a potion of flight {unknown}
 n - 2 potions of heal wounds {unknown}
 p - a potion of brilliance {unknown}
Comestibles
 f - 5 rations


   Skills:
 + Level 4.9 Fighting
 * Level 5.3 Long Blades
 - Level 3.6 Armour
 + Level 4.5 Shields


You had 4 spell levels left.
You didn't know any spells.
Your spell library was empty.

Dungeon Overview and Level Annotations

Branches:
Dungeon (6/15)
 Temple: D:4-7

Altars:
Dithmenos
Elyvilon
Sif Muna
Xom


Innate Abilities, Weirdness & Mutations

Shadows flee at your approach. (+LOS)
You can swim through water.
You cover ground slowly.
You can hop short distances.


Message History

You slash the bullfrog zombie!
The bullfrog zombie is almost destroyed.
The bullfrog zombie barely misses you.
You hit the bullfrog zombie.
The bullfrog zombie is almost destroyed.
You block the bullfrog zombie's attack. x2
You closely miss the bullfrog zombie.
The bullfrog zombie is almost destroyed.
The bullfrog zombie hits you.
* * * LOW HITPOINT WARNING * * *
Your shield and scale mail prevent you from hitting the bullfrog zombie.
The bullfrog zombie is almost destroyed.
You block the bullfrog zombie's attack. The bullfrog zombie barely misses you.
You barely miss the bullfrog zombie.
The bullfrog zombie is almost destroyed.
You block the bullfrog zombie's attack.
Your shield and scale mail prevent you from hitting the bullfrog zombie.
The bullfrog zombie is almost destroyed.
You block the bullfrog zombie's attack. The bullfrog zombie hits you.
You die...

# # ##### ##....
#..... #..###
#############..###
#.................
#@###########..###
#####Z##### #..# #
#....oo...# #..# #
#.###o..o.....
...# #.###.####
#.## #.. # #.# #.#
..# #.# ## #.#


You could see an orc priest, 2 orcs and a bullfrog zombie.

Vanquished Creatures
  A scorpion (D:5)
  An iguana (D:6)
  Natasha (D:3)
  A worker ant (D:5)
  A worker ant zombie (D:5)
  2 adders (D:2)
  An ooze (D:2)
  4 dart slugs
  6 leopard geckos
  3 bats
  2 giant cockroaches
  3 goblins
  8 hobgoblins
  3 jackals (D:2)
  7 kobolds
  A quokka (D:5)
  A ball python (D:2)
  A frilled lizard (D:1)
  6 rats
53 creatures vanquished.

Notes
Turn   | Place    | Note
-------+----------+-------------------------------------------
     0 | D:1      | LLavrengius the Barachi Fighter began the quest for the
                  | Orb.
     0 | D:1      | Reached XP level 1. HP: 18/18 MP: 1/1
   119 | D:1      | Reached XP level 2. HP: 24/25 MP: 2/2
   214 | D:1      | Reached skill level 3 in Long Blades
   268 | D:1      | Found a shimmering altar of Xom.
   270 | D:1      | Found a white marble altar of Elyvilon.
   270 | D:1      | Found a shadowy altar of Dithmenos.
   271 | D:1      | Found a shimmering altar of Xom.
   271 | D:1      | Found a burning altar of Makhleb.
   271 | D:1      | Found a deep blue altar of Sif Muna.
   495 | D:1      | Reached XP level 3. HP: 27/30 MP: 3/3
  1043 | D:2      | Found a faded altar of an unknown god.
  1083 | D:2      | Became a worshipper of Sif Muna the Loreminder
  1083 | D:2      | Reached * piety under Sif Muna
  1362 | D:2      | Reached skill level 4 in Long Blades
  1362 | D:2      | Reached XP level 4. HP: 19/37 MP: 4/4
  1904 | D:2      | Fell from the grace of Sif Muna
  1948 | D:3      | Noticed Natasha
  1962 | D:3      | Killed Natasha
  1974 | D:3      | You fall through a shaft for 3 floors!
  1974 | D:6      | Found a shadowy altar of Dithmenos.
  1985 | D:6      | Reached XP level 5. HP: 15/43 MP: 5/5
  2211 | D:5      | Entered Level 5 of the Dungeon
  2280 | D:5      | Reached skill level 5 in Long Blades
  2364 | D:5      | HP: 1/43 [bullfrog zombie (3)]
  2367 | D:5      | Slain by a bullfrog zombie

Skill      XL: |  1  2  3  4  5 |
---------------+----------------+-----
Long Blades    | 3 4 5 |  5.3
Fighting       | 4 |  4.9
Shields        | 4 |  4.5
Armour         | |  3.6

Action                   |  1- 3 |  4- 6 || total
-------------------------+-------+-------++-------
Melee: Long sword        |   137 |   116 ||   253
Invok: Renounce Religion |       |     1 ||     1
  Use: Potion            |       |     1 ||     1
  Eat: Chunk             |     2 |     4 ||     6
Armor: Scale mail        |    96 |    37 ||   133
Dodge: Dodged            |    53 |    42 ||    95
Block: Shield            |    89 |    59 ||   148
       Rpst.: Long sword |    19 |    17 ||    36
